 Dungeon Crawl Stone Soup version 0.23.0 (webtiles) character file.

Game seed: 11567780466014452654

169 Ihlosi the Skirmisher (level 5, 0/33 HPs)
             Began as a Kobold Fighter on Feb 15, 2019.
             Succumbed to a worker ant's poison
             ... on level 3 of the Dungeon.
             The game lasted 00:05:36 (2944 turns).

Ihlosi the Skirmisher (Kobold Fighter)              Turns: 2944, Time: 00:05:36

Health: 0/33       AC:  6    Str: 12    XL:     5   Next: 79%
Magic:  5/5        EV:  9    Int: 10    God:
Gold:   41         SH:  9    Dex: 14    Spells: 4/4 levels left

rFire    . . .     SeeInvis .   a - +0 scimitar
rCold    . . .     Gourm    .   c - +0 shield
rNeg     . . .     Faith    .   b - +0 scale mail
rPois    .         Spirit   .   (no helmet)
rElec    .         Reflect  .   (no cloak)
rCorr    .         Harm     .   (no gloves)
MR       .....                  (no boots)
Stlth    ..........             (no amulet)
HPRegen  0.11/turn              (no ring)
MPRegen  0.09/turn              (no ring)

@: lethally poisoned (0 -> -13)
A: small, carnivore, deterioration 1, weak 1
a: no special abilities


You were on level 3 of the Dungeon.
You were completely stuffed.

You visited 1 branch of the dungeon, and saw 3 of its levels.

You collected 41 gold pieces.

Inventory:

Hand Weapons
 a - a +0 scimitar (weapon)
Missiles
 g - 36 poisoned needles
 h - 43 bolts
Armour
 b - a +0 scale mail (worn)
 c - a +0 shield (worn)
Jewellery
 j - an uncursed ring of fire
 o - an uncursed ring of resist corrosion
Scrolls
 d - 2 scrolls of identify {unknown}
 e - 3 scrolls of teleportation {unknown}
 i - 2 scrolls of blinking {unknown}
 k - a scroll of enchant weapon {unknown}
 l - a scroll of fog {unknown}
 m - a scroll of remove curse {unknown}
 n - a scroll of random uselessness {unknown}
Potions
 p - a potion of mutation
Comestibles
 f - 5 rations


   Skills:
 * Level 4.1 Fighting
 * Level 2.6 Long Blades
 * Level 3.1 Armour
 * Level 1.5 Dodging
 * Level 3.2 Shields


You had 4 spell levels left.
You didn't know any spells.
Your spell library was empty.

Dungeon Overview and Level Annotations

Branches:
Dungeon (3/15)

Altars:


Innate Abilities, Weirdness & Mutations

You are small and have problems with some larger weapons.
You are carnivorous and can eat meat at any time.
Your body sometimes deteriorates upon taking damage.
You are weak. (Str -2)


Message History

You barely miss the worker ant.
The worker ant is heavily wounded.
* * * LOW HITPOINT WARNING * * *
You feel sick. You block the worker ant's attack.
The worker ant bites you but does no damage.
You hit the worker ant.
The worker ant is severely wounded.
You hear the slow rusting of a very distant drain.
* * * LOW HITPOINT WARNING * * *
You feel sick.
The worker ant bites you but does no damage.
You barely miss the worker ant.
The worker ant is severely wounded.
* * * LOW HITPOINT WARNING * * *
You feel sick. The worker ant closely misses you. The worker ant bites you.
* * * LOW HITPOINT WARNING * * *
It was a potion of mutation.
You feel extremely strange.
You feel stupid.
You feel weaker.
You feel yourself wasting away.
You feel clever.
You die...

.# .# ... .# ..# .##.
.. >##.# #.# .##.# ..
###.# ##.# # #.# #a.#
# #.# #######@##..#
###.######..........#
...........####.###.#
###.######## #..# #
#.# #.## #.# .. ###.#
#.# ....# #. ##..# #.


You could see a worker ant.

Vanquished Creatures
  2 orc wizards (D:2)
  A gnoll (D:1)
  4 adders
  2 oozes
  2 dart slugs
  3 orcs (D:2)
  3 giant cockroaches
  8 goblins
  3 hobgoblins
  5 jackals (D:2)
  A quokka (D:2)
  3 ball pythons
  5 bats
  4 frilled lizards
  4 kobolds
  5 rats
55 creatures vanquished.

Notes
Turn   | Place    | Note
-------+----------+-------------------------------------------
     0 | D:1      | Ihlosi the Kobold Fighter began the quest for the Orb.
     0 | D:1      | Reached XP level 1. HP: 14/14 MP: 1/1
   102 | D:1      | Reached XP level 2. HP: 3/19 MP: 2/2
   615 | D:1      | Reached XP level 3. HP: 23/23 MP: 3/3
   963 | D:1      | You fall through a shaft!
  1306 | D:2      | Reached XP level 4. HP: 16/29 MP: 4/4
  1508 | D:2      | Reached skill level 1 in Dodging
  1516 | D:2      | Reached skill level 4 in Fighting
  1516 | D:2      | Reached XP level 5. HP: 9/33 MP: 5/5
  2944 | D:3      | Gained mutation: You are dopey. (Int -2) [potion of
                  | mutation]
  2944 | D:3      | Gained mutation: You are weak. (Str -2) [potion of
                  | mutation]
  2944 | D:3      | Gained mutation: Your body sometimes deteriorates upon
                  | taking damage. [potion of mutation]
  2944 | D:3      | Lost mutation: You are dopey. (Int -2) [potion of mutation]
  2944 | D:3      | Succumbed to a worker ant's poison

Skill      XL: |  1  2  3  4 |
---------------+-------------+-----
Long Blades    | 2 |  2.6
Dodging        | 1 |  1.5
Shields        | 3 |  3.2
Fighting       | 4 |  4.1
Armour         | 3 |  3.1

Action                   |  1- 3 |  4- 6 || total
-------------------------+-------+-------++-------
Melee: Long sword        |    72 |     2 ||    74
       Scimitar          |       |   108 ||   108
  Use: Potion            |     1 |     1 ||     2
  Eat: Chunk             |     9 |     6 ||    15
Armor: Scale mail        |    30 |    55 ||    85
Dodge: Dodged            |    21 |    47 ||    68
Block: Shield            |    28 |    60 ||    88
       Rpst.: Long sword |     5 |       ||     5
       Scimitar          |       |     9 ||     9
